 Dungeon Crawl Stone Soup version 0.27-a0-101-g3cb999cee2 (webtiles) character file.

Game seed: 6848109916816022197

60 kae the Ruffian (level 3, -2/36 HPs)
             Began as a Troll Monk on Jan 21, 2021.
             Slain by Sigmund
             ... wielding a +2 scythe of venom
              (5 damage)
             ... on level 2 of the Dungeon.
             The game lasted 00:00:46 (955 turns).

kae the Ruffian (Troll Monk)                         Turns: 955, Time: 00:00:47

Health: -2/36      AC:  6    Str: 20    XL:     3   Next: 80%
Magic:  2/2        EV: 11    Int:  2    God:
Gold:   62         SH:  0    Dex: 12    Spells: 2/2 levels left

rFire    . . .     SeeInvis .     - Unarmed
rCold    . . .     Faith    .   (no shield)
rNeg     . . .     Spirit   .   a - +0 robe
rPois    .         Reflect  .   (helmet restricted)
rElec    .         Harm     .   (no cloak)
rCorr    .         Rampage  .   (gloves unavailable)
Will     .....                  (boots unavailable)
Stlth    ++........             (no amulet)
HPRegen  0.52/turn              j - -4 ring of intelligence (curse)
MPRegen  0.08/turn              (no ring)

@: lethally poisoned (-2 -> -10), invisible
A: large, unfitting armour, claws 3, regeneration 1, shaggy fur 1, tough skin 3
a: no special abilities


You were on level 2 of the Dungeon.
You visited 1 branch of the dungeon, and saw 2 of its levels.

You collected 62 gold pieces.

Inventory:

Armour
 a - a +0 robe (worn)
Jewellery
 j - a cursed -4 ring of intelligence (left claw)
Scrolls
 d - a scroll of fear
 e - a scroll of teleportation
 g - a scroll of random uselessness {unknown}
 l - a scroll of remove curse
Potions
 b - a potion of resistance
 f - a potion of heal wounds {unknown}
 h - a potion of degeneration {unknown}
 i - a potion of curing {unknown}
 k - a potion of berserk rage {unknown}


   Skills:
 + Level 2.8 Fighting
 + Level 2.9 Dodging
 - Level 1.0 Stealth
 * Level 4.0 Unarmed Combat


You had 2 spell levels left.
You didn't know any spells.
Your spell library was empty.

Dungeon Overview and Level Annotations

Branches:
Dungeon (2/15)

Altars:

Annotations:
D:2 Sigmund


Innate Abilities, Weirdness & Mutations

You are too large for most types of armour.
You have claws for hands.
Your natural rate of healing is unusually fast.
You are covered in fur. (AC +1)
You have extremely tough skin. (AC +3)


Message History

You feel less confused.
You feel sick. Something hits you.
You are more poisoned.
You swing at nothing.
You feel sick. Something hits you!
* * * LOW HITPOINT WARNING * * *
You are lethally poisoned!
You swing at nothing.
* * * LOW HITPOINT WARNING * * *
You feel sick.
You swing at nothing.
* * * LOW HITPOINT WARNING * * *
You feel sick.
A magic dart appears from out of thin air!
The magic dart hits you.
* * * LOW HITPOINT WARNING * * *
It was a potion of invisibility.
You fade into invisibility!
* * * LOW HITPOINT WARNING * * *
You feel sick. Something hits you.
You die...

...................####.# #######
................#.......######
###.#.######.######..#.......####
# #. #.# ##.#..........# # #.#
##.............. #.#
#..#...######... #.#
##.####......†.## #.####..#
#.....)).## #.#..@.## #.....)).#
..#{#### #......^.# ......gS#
#...))...# ......### #........#
...... #........# #....
#........# #.... #........# #...
####


You could see a goblin.

Vanquished Creatures
  An adder (D:2)
  2 oozes (D:1)
  A dart slug (D:2)
  2 leopard geckos
  4 bats (D:1)
  6 goblins
  5 hobgoblins
  2 frilled lizards (D:1)
  7 kobolds
  10 rats
40 creatures vanquished.

Notes
Turn   | Place    | Note
-------+----------+-------------------------------------------
     0 | D:1      | kae the Troll Monk began the quest for the Orb.
     0 | D:1      | Reached XP level 1. HP: 22/22 MP: 0/0
   132 | D:1      | Reached XP level 2. HP: 29/29 MP: 1/1
   506 | D:1      | Reached XP level 3. HP: 36/36 MP: 2/2
   822 | D:2      | Found a faded altar of an unknown god.
   911 | D:2      | Reached skill level 4 in Unarmed Combat
   939 | D:2      | Noticed Sigmund
   955 | D:2      | Slain by Sigmund

Illustrated notes

Levels and vault maps discovered:
D:1:      psy_arrival_terrarium, layout_loops_ring, minmay_misc_feat_room,
          minmay_heptomino_d4
D:2:      layout_rooms, chequers_ecumenical_altar_simple_redux, uniq_sigmund

Skill      XL: |  1  2  3 |
---------------+----------+-----
Unarmed Combat | 4 |  4.0
Fighting       | |  2.8
Dodging        | |  2.9
Stealth        | |  1.0

Action                   || total
-------------------------++-------
Melee: Unarmed           ||   100
       Punch             ||     1
  Use: Scroll            ||     4
       Potion            ||     1
 Stab: Sleeping          ||     4
Armor: Robe              ||    39
Dodge: Dodged            ||    48

Table legend: (Time is in decaauts)
 A = Elapsed time spent in this place.
 B = Non-inter-level travel time spent in this place.
 C = Inter-level travel time spent in this place.
 D = Time resting spent in this place.
 E = Time spent auto-exploring this place.
 F = Levels seen in this place.
 G = Mean time per level.
                   A        B        C        D        E       F      G
               +--------+--------+--------+--------+--------+-----+--------+
         Total |    947 |    938 |      9 |     29 |    656 |   2 |  473.5 |
       Dungeon |    947 |    938 |      9 |     29 |    656 |   2 |  473.5 |
               +--------+--------+--------+--------+--------+-----+--------+

Top non-repeatable levels by time:
     D:1: 697 daAuts
     D:2: 249 daAuts
